 Dungeon Crawl Stone Soup version 0.30-a0-422-g946f4849ff (webtiles) character file.

Game seed: 10365464712756414029

7390 p00ps00p the Cleaver (level 11, -1/101 HPs)
             Began as a Hill Orc Fighter on Dec 9, 2022.
             Was an Initiate of Gozag.
             Slain by Bediveer's ghost (17 damage)
             ... on level 9 of the Dungeon.
             The game lasted 00:24:55 (11371 turns).

p00ps00p the Cleaver (Hill Orc Fighter)            Turns: 11371, Time: 00:24:55

Health: -1/101     AC: 17    Str: 24    XL:     11   Next: 14%
Magic:  11/11      EV: 10    Int:  8    God:    Gozag
Gold:   435        SH:  6    Dex: 10    Spells: 10/10 levels left

rFire   + . .      SeeInvis +    a - +0 war axe (vamp)
rCold   + . .      Faith    .    c - +0 buckler
rNeg    + + +      Spirit   .    E - +1 acid dragon scales
rPois   +          Reflect  .    D - +2 hat
rElec   .          Harm     .    F - +0 cloak of Poor Excuses {-Cast rPois rN+++ SInv}
rCorr   +          Rampage  .    m - +0 pair of gloves
Will    .....      NoCast   +    p - +1 pair of boots
Stlth   +.........               e - amulet of the acrobat
HPRegen 0.36/turn                l - ring of protection from cold
MPRegen 0.12/turn                i - ring "Reineho" {rPois rF+ SInv}

@: mighty
A: no striking features
a: Renounce Religion, Potion Petition, Call Merchant, Bribe Branch


You were on level 9 of the Dungeon.
You worshipped Gozag.
Gozag was aware of your devotion.
You visited 2 branches of the dungeon, and saw 10 of its levels.
You also visited: Sewer.

You collected 1454 gold pieces.
You spent 906 gold pieces at shops.
You paid 113 gold pieces to Gozag.

Inventory:

Hand Weapons
 a - a +0 vampiric war axe (weapon)
 f - a +3 hand axe of flaming
Missiles
 h - 5 throwing nets
 o - 5 curare-tipped darts
 u - 6 atropa-tipped darts (quivered)
Armour
 c - a +0 buckler (worn)
 m - a +0 pair of gloves (worn)
 p - a +1 pair of boots (worn)
 D - a +2 hat (worn)
 E - +1 acid dragon scales (worn)
 F - the +0 cloak of Poor Excuses (worn) {-Cast rPois rN+++ SInv}
   (You bought it in a shop on level 5 of the Dungeon)

   rPois:     It protects you from poison.
   rN:        It renders you almost immune to negative energy.
   SInv:      It lets you see invisible.
   -Cast:     It prevents spellcasting.
Jewellery
 e - an amulet of the acrobat (around neck)
 i - the ring "Reineho" (right hand) {rPois rF+ SInv}
   (You bought it in a shop on level 4 of the Dungeon)

   [ring of poison resistance]

   rF:        It protects you from fire.
   rPois:     It protects you from poison.
   SInv:      It lets you see invisible.
 k - a ring of see invisible
 l - a ring of protection from cold (left hand)
Wands
 d - a wand of flame (15)
 B - a wand of charming (3)
Scrolls
 w - 2 scrolls of brand weapon
 y - 4 scrolls of amnesia
Potions
 b - a potion of ambrosia {unknown}
 g - 3 potions of mutation
 j - 2 potions of haste {unknown}
 n - a potion of resistance {unknown}
 q - a potion of lignification {unknown}
 r - 5 potions of magic
 s - 2 potions of invisibility {unknown}
 t - 4 potions of flight {unknown}
 v - 2 potions of brilliance
 A - a potion of cancellation {unknown}
 C - a potion of curing


   Skills:
 + Level 10.7 Fighting
 + Level 11.3 Axes
 + Level 9.8 Armour
 + Level 9.9 Shields


You had 10 spell levels left.
You didn't know any spells.
Your spell library contained the following spells:

 Spells                   Type           Power      Damage    Failure   Level
 Slow                     Hex            0%         N/A       54%         1
 Blink                    Tloc           0%         N/A       67%         2
 Static Discharge         Conj/Air       0%         2-2/arc   67%         2
 Confusing Touch          Hex            0%         N/A       88%         3
 Ignite Poison            Fire/Tmut/Pois 0%         N/A       88%         3
 Kindle Blastsparks       Fire/Tloc/Air  0%         2d10      88%         3
 Ozocubu's Armour         Ice            0%         N/A       88%         3
 Stone Arrow              Conj/Erth      0%         3d7       88%         3
 Vampiric Draining        Necr           0%         2d6       88%         3
 Vhi's Electric Charge    Tloc/Air       0%         N/A       88%         3
 Animate Armour           Summ/Erth      0%         N/A       99%         4
 Fulminant Prism          Conj/Hex       0%         3d5       99%         4
 Iskenderun's Mystic Bla  Conj/Tloc      0%         2d3       99%         4
 Manifold Assault         Tloc           0%         N/A       99%         4
 Arcjolt                  Conj/Air       0%         1d10      100%        5
 Freezing Cloud           Conj/Ice/Air   0%         6-21      100%        5
 Lee's Rapid Deconstruct  Erth           0%         3d4*      100%        5
 Lightning Bolt           Conj/Air       0%         1d11      100%        5
 Ozocubu's Refrigeration  Ice            0%         4d7       100%        7
 Storm Form               Tmut/Air       0%         N/A       100%        7
 Lehudib's Crystal Spear  Conj/Erth      0%         10d2      100%        8


Dungeon Overview and Level Annotations

Branches:
Dungeon (9/15)             Temple (1/1) D:5           Sewer (visited)
   Lair: D:8-11         Orc: D:9-12

Altars:
Ashenzari
Cheibriados
Dithmenos
Elyvilon
Fedhas
Gozag
Hepliaklqana
Kikubaaqudgha
Makhleb
Nemelex Xobeh
Okawaru
Qazlal
Ru
Sif Muna
Trog
Uskayaw
Vehumet
Wu Jian
Xom
Yredelemnul
Zin
The Shining One

Shops:
D:3 =   D:4 =   D:5 [[

Annotations:
D:9 Bediveer's ghost, novice FeBe


Message History

Press: ? - help, Q - select action, (/) - cycle Shift-Dir - straight line, f - Bediveer's ghost
Aim: Bediveer's ghost (moderately damaged, 29% to hit)
The bolt of acid misses Bediveer's ghost.
Bediveer's ghost closely misses you.
Aiming: Corrosive Bolt
Press: ? - help, Q - select action, (/) - cycle Shift-Dir - straight line, f/p - Bediveer's ghost
Aim: Bediveer's ghost (moderately damaged, 29% to hit)
The bolt of acid misses Bediveer's ghost.
Bediveer's ghost hits you but does no damage.
Unknown command.
Aiming: Corrosive Bolt
Press: ? - help, Q - select action, (/) - cycle Shift-Dir - straight line, f/p - Bediveer's ghost
Aim: Bediveer's ghost (moderately damaged, 29% to hit)
The bolt of acid misses Bediveer's ghost.
Bediveer's ghost hits you.
Unknown command.
Aiming: Corrosive Bolt
Press: ? - help, Q - select action, (/) - cycle Shift-Dir - straight line, f/p - Bediveer's ghost
Aim: Bediveer's ghost (moderately damaged, 29% to hit)
The bolt of acid hits Bediveer's ghost!
Bediveer's ghost is heavily damaged.
Bediveer's ghost hits you but does no damage.
Aiming: Corrosive Bolt
Press: ? - help, Q - select action, (/) - cycle Shift-Dir - straight line, f/p - Bediveer's ghost
Aim: Bediveer's ghost (heavily damaged, 29% to hit)
The bolt of acid misses Bediveer's ghost.
The now-empty wand crumbles to dust.
Bediveer's ghost hits you!!
* * * LOW HITPOINT WARNING * * *
Aiming: Charm
Press: ? - help, Q - select action, (/) - cycle Shift-Dir - straight line, f/p - Bediveer's ghost
Aim: Bediveer's ghost (heavily damaged, chance to affect: 17%) Bediveer's ghost resists with almost no effort.
Bediveer's ghost hits you!
* * * LOW HITPOINT WARNING * * *
You feel better. Bediveer's ghost barely misses you.
You feel very mighty all of a sudden. Bediveer's ghost hits you!
You die...
Your body crumbles into a pile of gold.

............## ##.............##
............# #..###...#.....#
............## ##..###...###.#.#
..###.[......###...###.....#####
.## ##......................# .#
#............))........# .##
##.............)....##.##
..###.............).......##
..............))@.#.##.####
.............)##W##.#.##
.........###.##.|/#..#.#
.........###.##♣8♣######
.........###..####
................##
...............#.#
.................#
................##


You could see Bediveer's ghost.

Vanquished Creatures
  2 two-headed ogres
  Pikel (D:8)
  Maggie (D:7)
  A gargoyle (D:7)
  A hornet (D:7)
  A shadow (D:9)
  3 wyverns (D:9)
  2 steam dragons
  2 acid dragons (D:9)
  Duvessa (D:6)
  A black bear (D:4)
  3 sky beasts
  An ice beast (D:8)
  3 orc warriors
  2 ogres (D:4)
  3 centaurs
  A lemure (D:8)
  3 kobold brigands
  2 bullfrogs
  3 necrophages
  2 gnoll sergeants (D:5)
  2 scorpions (D:5)
  Dowan (D:6)
  6 wights
  3 howler monkeys
  5 hounds
  5 orc priests
  4 gnoll boudas
  5 iguanas
  9 orc wizards
  Terence (D:2)
  27 gnolls
  5 river rats
  15 adders
  A shadow imp (D:5)
  2 white imps
  2 ufetubi
  2 worms
  6 dart slugs
  54 orcs
  6 ball pythons
  6 endoplasms
  4 giant cockroaches
  10 goblins
  2 hobgoblins (D:3)
  9 jackals
  29 kobolds
  5 quokkas
  2 bats
  17 frilled lizards
  27 rats
311 creatures vanquished.

Vanquished Creatures (others)
  17 plants
17 creatures vanquished.

Grand Total: 328 creatures vanquished

Notes
Turn   | Place    | Note
-------+----------+-------------------------------------------
     0 | D:1      | p00ps00p the Hill Orc Fighter began the quest for the Orb.
     0 | D:1      | Reached XP level 1. HP: 19/19 MP: 1/1
    54 | D:1      | Reached skill level 3 in Axes
    59 | D:1      | Reached XP level 2. HP: 21/27 MP: 2/2
    97 | D:1      | Found a faded altar of an unknown god.
   401 | D:1      | Reached XP level 3. HP: 28/33 MP: 3/3
  1476 | D:2      | Reached XP level 4. HP: 40/40 MP: 4/4
  1751 | D:2      | Noticed Terence
  1762 | D:2      | Killed Terence
  2234 | D:3      | Reached skill level 4 in Axes
  2234 | D:3      | Reached XP level 5. HP: 41/47 MP: 5/5
  2400 | D:3      | Found Gytetis's Jewellery Emporium.
  2773 | D:4      | Noticed a black bear
  2784 | D:4      | Killed a black bear
  2785 | D:4      | Reached skill level 5 in Fighting
  2785 | D:4      | Reached XP level 6. HP: 47/56 MP: 6/6
  2950 | D:4      | Reached skill level 5 in Axes
  3002 | D:4      | Reached skill level 5 in Armour
  3008 | D:4      | Reached skill level 5 in Shields
  3008 | D:4      | Reached XP level 7. HP: 19/61 MP: 7/7
  3304 | D:4      | Found a glowing drain.
  3309 | Sewer    | Entered a sewer
  4011 | Sewer    | Reached skill level 6 in Axes
  4856 | D:4      | Found Zeshrac's Jewellery Shop.
  4949 | D:5      | Entered Level 5 of the Dungeon
  4956 | D:5      | Reached XP level 8. HP: 71/71 MP: 8/8
  5212 | D:5      | Reached skill level 7 in Axes
  5260 | D:5      | Found Nelifir's Antique Armour Shop.
  5497 | D:5      | Found a staircase to the Ecumenical Temple.
  5547 | Temple   | Entered the Ecumenical Temple
  5850 | Temple   | Became a worshipper of Gozag Ym Sagoz the Greedy
  6039 | D:5      | Found Feigis's Armour Shop.
  6078 | D:5      | Found a sacrificial altar of Ru.
  6365 | D:6      | Reached XP level 9. HP: 79/79 MP: 9/9
  6518 | D:6      | Reached skill level 8 in Axes
  6542 | D:6      | Noticed Duvessa
  6542 | D:6      | Noticed Dowan
  6548 | D:6      | Killed Duvessa
  6553 | D:6      | Killed Dowan
  6591 | D:6      | HP: 2/81 [orc warrior/+1 glaive of freezing (4)]
  7409 | D:6      | Found a white marble altar of Elyvilon.
  7413 | D:6      | Found a basalt altar of Yredelemnul.
  7414 | D:6      | Found a shadowy altar of Dithmenos.
  7414 | D:6      | Found a broken altar of Ashenzari.
  8227 | D:7      | Noticed a gargoyle
  8237 | D:7      | Noticed Maggie
  8243 | D:7      | Reached skill level 9 in Axes
  8244 | D:7      | Noticed a hornet
  8250 | D:7      | Killed a gargoyle
  8290 | D:7      | Killed Maggie
  8291 | D:7      | Reached XP level 10. HP: 32/91 MP: 10/10
  8638 | D:7      | Paralysed by a hornet for 3 turns
  9326 | D:4      | Bought the ring "Reineho" {rPois rF+ SInv} for 534 gold
                  | pieces
  9395 | D:8      | Noticed Pikel
  9641 | D:8      | Reached skill level 10 in Axes
  9663 | D:8      | Killed Pikel
  9723 | D:8      | Noticed a two-headed ogre
  9735 | D:8      | Killed a two-headed ogre
  9736 | D:8      | Reached skill level 10 in Fighting
  9974 | D:8      | Identified the +6 quarterstaff "Killer Bee's Death"
                  | {vorpal, rPois Will+ Str-2 Dex+4}
 10208 | D:5      | Bought the +0 cloak of Poor Excuses {-Cast rPois rN+++
                  | SInv} for 372 gold pieces
 10404 | D:9      | Found a runed translucent door.
 10404 | D:9      | Noticed Bediveer's ghost (novice FeBe)
 10660 | D:9      | Noticed a two-headed ogre
 10751 | D:9      | Killed a two-headed ogre
 10752 | D:9      | Reached skill level 11 in Axes
 10752 | D:9      | Reached XP level 11. HP: 68/101 MP: 11/11
 11371 | D:9      | Slain by Bediveer's ghost

Illustrated notes

Levels and vault maps discovered:
D:1:      giann_wishing_wells, layout_basic, basic_ecumenical_altar,
          grunt_decor_cap, st_stairs_10
D:2:      layout_loops_corners, minmay_lizard_king, uniq_terence
D:3:      layout_loops_ring, serial_shops, nicolae_square_shop
D:4:      layout_basic, gup_sewer_entry_bowl, nicolae_stop_n_shop_1,
          kennysheep_generic_room_13
D:5:      layout_cave_pools, lemuel_coloured_pillars_altar,
          minmay_temple_entry_stoned_glass, serial_gnoll_camp,
          gnoll_camp_medium_01, gnoll_camp_mini_basic, gnoll_camp_mini_sergeant,
          gnoll_camp_mini_basic, gnoll_camp_mini_shop, gnoll_camp_mini_shop,
          chequers_serial_rivers_micro_d
D:6:      layout_loops_ring, grunt_temple_overflow_open, serial_bayou_lagoon_b,
          uniq_duvessa
D:7:      layout_loops_cross, uniq_maggie
D:8:      layout_cave_pools, uniq_pikel
D:9:      layout_big_octagon, gammafunk_ghost_grave
Temple:   minmay_temple_bridge_d

Skill      XL: |  1  2  3  4  5  6  7  8  9 10 |
---------------+-------------------------------+-----
Axes           | 3 4 5 6 7 9 11 | 11.3
Fighting       | 4 5 6 7 9 10 | 10.7
Armour         | 4 5 6 8 9 |  9.8
Shields        | 4 5 7 8 9 |  9.9

Action                   |  1- 3 |  4- 6 |  7- 9 | 10-12 || total
-------------------------+-------+-------+-------+-------++-------
Melee: War axe           |   105 |   144 |   385 |   226 ||   860
       Hand axe          |       |    25 |   146 |       ||   171
Evoke: Wand              |       |       |     2 |    21 ||    23
  Use: Scroll            |     3 |     6 |     7 |     5 ||    21
       Potion            |       |     4 |     3 |     2 ||     9
 Stab: Distracted        |       |       |       |     1 ||     1
Armor: Scale mail        |    46 |    48 |       |       ||    94
       Chain mail        |       |    60 |   349 |    29 ||   438
       Acid dragon scale |       |       |       |    84 ||    84
Dodge: Dodged            |    72 |    64 |   202 |   117 ||   455
Block: Buckler           |    20 |    45 |   150 |    63 ||   278

Table legend: (Time is in decaauts)
 A = Elapsed time spent in this place.
 B = Non-inter-level travel time spent in this place.
 C = Inter-level travel time spent in this place.
 D = Time resting spent in this place.
 E = Time spent auto-exploring this place.
 F = Levels seen in this place.
 G = Mean time per level.
                   A        B        C        D        E       F      G
               +--------+--------+--------+--------+--------+-----+--------+
         Total |  11580 |  10896 |    684 |   1873 |   6405 |  11 | 1052.7 |
       Dungeon |  10086 |   9557 |    529 |   1441 |   5713 |   9 | 1120.7 |
        Temple |    378 |    224 |    154 |      0 |    213 |   1 |  378.0 |
         Sewer |   1115 |   1115 |      0 |    432 |    478 |   1 | 1115.0 |
               +--------+--------+--------+--------+--------+-----+--------+

Top non-repeatable levels by time:
     D:7: 1621 daAuts
     D:6: 1620 daAuts
     D:2: 1147 daAuts
     D:5: 1135 daAuts
     D:4: 1131 daAuts
   Sewer: 1115 daAuts
     D:9: 1072 daAuts
     D:1: 1067 daAuts
     D:8: 663 daAuts
     D:3: 627 daAuts
  Temple: 378 daAuts
